 Dungeon Crawl Stone Soup version 0.30-a0-364-gf6b3ef1049 (webtiles) character file.

Game seed: 9279743992140152032

4536 iguanaiguana the Geomancer (level 10, 0/81 HPs)
             Began as a Meteoran Reaver on Nov 15, 2022.
             Was a Believer of Wu Jian.
             Slain by a wyvern (11 damage)
             ... on level 10 of the Dungeon.
             The game lasted 00:30:38 (2288 turns).

iguanaiguana the Geomancer (Meteoran Reaver)        Turns: 2288, Time: 00:30:39

Health: 0/81       AC:  5    Str: 13 (14) XL:     10   Next: 98%
Magic:  5/15       EV: 12    Int: 16      God:    Wu Jian [**....]
Gold:   300        SH:  0    Dex: 16      Spells: 8/14 levels left

rFire   . . .      SeeInvis .    i - +0 staff of Battle
rCold   . . .      Faith    .    (no shield)
rNeg    + . .      Spirit   .    j - +0 steam dragon scales
rPois   .          Reflect  .    (helmet restricted)
rElec   .          Harm     .    (no cloak)
rCorr   .          Rampage  .    (no gloves)
Will    +....                    (no boots)
Stlth   +.........               (no amulet)
HPRegen 0.33/turn                b - ring "Rinkeach" {Wiz rN+}
MPRegen 0.14/turn                t - +4 ring of protection

@: corroded, glowing
A: sense surroundings 2, otherworldly, glowing, explore regen, antennae 1,
deterioration 1
a: Renounce Religion, Wall Jump


You were on level 10 of the Dungeon.
You worshipped Wu Jian.
Wu Jian was pleased with you.
You visited 1 branch of the dungeon, and saw 10 of its levels.
You also visited: Bailey.

You collected 300 gold pieces.

Inventory:

Hand Weapons
 a - a +0 mace
 e - a +0 dagger
 i - the +0 staff of Battle (weapon)
   (You found it in a bailey)

   It enhances your conjuration magic.
   It summons a battlesphere in combat, with strength depending on Conjurations
   skill.
   Its strikes trigger the battlesphere's blasts.
 m - a +0 long sword
Missiles
 h - 5 boomerangs
Armour
 j - +0 steam dragon scales (worn)
 u - the +0 robe of the Hunter {Str+6}
   (You found it in a bailey)

   Str:       It affects your strength (+6).
 w - a +2 cloak
Magical Staves
 f - a staff of poison
 x - a staff of cold
Jewellery
 b - the ring "Rinkeach" (left hand) {Wiz rN+}
   (You found it on level 6 of the Dungeon)

   [ring of wizardry]

   It improves your spell success rate.
   rN:        It protects you from negative energy.
 t - a +4 ring of protection (right hand)
 y - a ring of willpower
Wands
 r - a wand of flame (7)
 B - a wand of mindburst (1)
Scrolls
 c - 4 scrolls of amnesia
 d - a scroll of enchant weapon
 o - a scroll of noise
 v - a scroll of magic mapping {unknown}
Potions
 g - 2 potions of haste {@q4}
 k - a potion of curing {@q1}
 l - a potion of brilliance
 n - a potion of attraction
 p - a potion of resistance {unknown}
 q - 2 potions of might {unknown}
 s - a potion of invisibility {unknown}
 z - a potion of mutation
Miscellaneous
 A - a tin of tremorstones (inert)


   Skills:
 - Level 5.3 Fighting
 - Level 6.0 Short Blades
 - Level 4.1(7.5) Maces & Flails
 + Level 9.0(9.4) Staves
 - Level 2.4 Dodging
 - Level 2.6 Spellcasting
 - Level 8.0 Conjurations
 - Level 2.0 Necromancy
 - Level 10.1 Earth Magic


You had 8 spell levels left.
You knew the following spells:

 Your Spells              Type           Power      Damage    Failure   Level
a - Kiss of Death         Conj/Necr      100%       2d13      1%          1
b - Stone Arrow           Conj/Erth      92%        3d12      1%          3
c - Passwall              Tmut/Erth      15%        N/A       1%          2

Your spell library contained the following spells:

 Spells                   Type           Power      Damage    Failure   Level
 Magic Dart               Conj           100%       1d8       1%          1
 Sandblast                Erth           68%        2d15      1%          1
 Searing Ray              Conj           84%        2d7       1%          2
 Momentum Strike          Conj/Tloc      44%        3d9       2%          2
 Hailstorm                Conj/Ice       22%        3d7       4%          3
 Fulminant Prism          Conj/Hex       11%        3d8       16%         4


Dungeon Overview and Level Annotations

Branches:
Dungeon (9/15) Zot: 4011   Bailey (visited)
 Temple: D:4-7         Lair: D:8-11         Orc: D:9-12

Altars:
Elyvilon
Gozag
Makhleb
Qazlal
Sif Muna
Uskayaw
Wu Jian
Zin

Annotations:
D:3 Jessica
D:8 Pikel


Innate Abilities, Weirdness & Mutations

You passively map the area around you.
You are easily found by Zot.
You glow in the dark.
You regain HP and MP as you explore.
You have a pair of small antennae on your head.
Your body sometimes deteriorates upon taking damage.


Message History

You see here a wyvern corpse.
Your battlesphere wavers and loses cohesion.
You conjure a globe of magical energy.
The wyvern bites you.
You hit the wyvern.
The wyvern is lightly wounded.
Your battlesphere fires!
The barrage of energy hits the wyvern.
The wyvern is lightly wounded.
The wyvern bites you!
* * * LOW HITPOINT WARNING * * *
You hit the wyvern.
The wyvern is lightly wounded.
Your battlesphere fires!
The barrage of energy hits the wyvern.
The wyvern is moderately wounded.
You hit the wyvern but do no damage.
The wyvern is moderately wounded.
Your battlesphere fires!
The barrage of energy hits the wyvern.
The wyvern is heavily wounded.
You closely miss the wyvern.
The wyvern is heavily wounded.
The wyvern bites you!
* * * LOW HITPOINT WARNING * * *
You barely miss the wyvern.
The wyvern is heavily wounded.
The acid dragon spits acid at you. The splash of acid hits you!!
* * * LOW HITPOINT WARNING * * *
Your body deteriorates!
You feel weakened. The acid corrodes you!
You feel better. The wyvern bites you!
* * * LOW HITPOINT WARNING * * *
You feel better. The acid dragon bites you.
* * * LOW HITPOINT WARNING * * *
Aiming: Mindburst
Press: ? - help, Shift-Dir - straight line, f - wyvern
Aim: a wyvern (heavily wounded, ally target, chance to affect: 64%)
The wyvern struggles to resist.
The wyvern bites you!
You die...

#.....#.# ,** *
*#.#....## * ,
###.......# * ,
#....).#### * ,*
#...)..#..## ,
#.....)#.#*# *# *
######)#)..#..# *
#)#.#...# , *
##@l...#...#, ,
##.D#.#...#.. ,
#..†#...#..#.
#...#.#.#.#### ,
#...#!(####...,,,
##.)####......
#.....*.D..# , ,,
#...)...#.....
#.......# ...,


You could see a wyvern (ally target), an acid dragon (catching breath) and a
friendly battlesphere.

Vanquished Creatures
  2 two-headed ogres
  A deep elf pyromancer (Bailey)
  3 kobold demonologists (D:10)
  A wyvern (D:10)
  2 steam dragons
  Menkaure (D:5)
  2 sky beasts
  6 orc warriors
  2 black bears
  A centaur (D:6)
  A phantom (D:5)
  A lemure (D:8)
  A bullfrog (D:9)
  A gnoll sergeant (D:8)
  3 scorpions
  A howler monkey (D:9)
  2 hounds (D:6)
  An orc priest (D:10)
  An iguana (D:5)
  An orc wizard (D:9)
  3 adders
  A shadow imp (D:7)
  A white imp (D:6)
  A worm (D:2)
  A dart slug (D:2)
  5 orcs
  4 ball pythons
  3 bats (D:1)
  5 endoplasms
  A giant cockroach (D:1)
  5 goblins
  5 hobgoblins
  A quokka (D:5)
  4 frilled lizards (D:1)
  2 kobolds (D:10)
  2 rats (D:1)
78 creatures vanquished.

Notes
Turn   | Place    | Note
-------+----------+-------------------------------------------
     0 | D:1      | iguanaiguana the Meteoran Reaver began the quest for the
                  | Orb.
     0 | D:1      | Reached XP level 1. HP: 17/17 MP: 5/5
    51 | D:1      | Reached XP level 2. HP: 24/24 MP: 6/6
    58 | D:1      | Found a faded altar of an unknown god.
    61 | D:1      | Prayed at the altar of an unknown god.
    61 | D:1      | Became a worshipper of the Wu Jian Council
    61 | D:1      | Reached * piety under Wu Jian
   156 | D:1      | Reached skill level 1 in Necromancy
   214 | D:1      | Reached XP level 3. HP: 19/29 MP: 8/8
   448 | D:2      | Reached skill level 1 in Short Blades
   484 | D:3      | Noticed Jessica
   618 | D:4      | Reached XP level 4. HP: 31/36 MP: 9/9
   628 | D:5      | Entered Level 5 of the Dungeon
   643 | D:5      | Found an opulent altar of Gozag.
   643 | D:5      | Found a hide-covered altar of Uskayaw.
   644 | D:5      | Found a shimmering blue altar of Sif Muna.
   648 | D:5      | Noticed an ogre
   649 | D:5      | Gained mutation: You have a pair of small antennae on your
                  | head. [potion of mutation]
   649 | D:5      | Gained mutation: Your body sometimes deteriorates upon
                  | taking damage. [potion of mutation]
   872 | D:5      | Noticed a black bear
   878 | D:5      | Noticed a phantom
   879 | D:5      | Noticed Menkaure
   882 | D:5      | Killed Menkaure
   882 | D:5      | Killed a phantom
   883 | D:5      | Reached skill level 5 in Short Blades
   883 | D:5      | Reached XP level 5. HP: 20/41 MP: 10/10
   883 | D:5      | Reached XP level 6. HP: 24/48 MP: 11/11
   886 | D:5      | Killed a black bear
   887 | D:5      | Reached XP level 7. HP: 35/57 MP: 12/12
  1038 | D:6      | Found a glowing silver altar of Zin.
  1129 | D:6      | Noticed a steam dragon
  1135 | D:6      | Killed a steam dragon
  1136 | D:6      | Reached skill level 5 in Fighting
  1190 | D:6      | Identified the ring "Rinkeach" {Wiz rN+}
  1229 | D:6      | HP: 2/52 [poisoned by a scorpion]
  1230 | D:6      | Reached skill level 1 in Earth Magic
  1230 | D:6      | Reached XP level 8. HP: 3/61 MP: 13/13
  1305 | D:6      | Reached skill level 3 in Earth Magic
  1310 | D:6      | Learned a level 3 spell: Stone Arrow
  1382 | D:6      | Reached skill level 4 in Earth Magic
  1508 | D:7      | Reached ** piety under Wu Jian
  1509 | D:7      | Reached skill level 5 in Earth Magic
  1591 | D:7      | Reached skill level 6 in Earth Magic
  1610 | D:7      | Found a flagged portal.
  1632 | Bailey   | Entered a bailey
  1665 | Bailey   | Reached skill level 7 in Earth Magic
  1665 | Bailey   | Gained mutation: You passively map the area around you.
                  | [Meteoran growth]
  1665 | Bailey   | Reached XP level 9. HP: 36/74 MP: 2/14
  1668 | Bailey   | Learned a level 2 spell: Passwall
  1741 | Bailey   | Found a large runed translucent door.
  1741 | Bailey   | Found a large runed translucent door.
  1741 | Bailey   | Noticed a deep elf pyromancer
  1741 | Bailey   | Found the +0 staff of Battle
  1743 | Bailey   | Identified the +0 robe of the Hunter {Str+6}
  1748 | Bailey   | Killed a deep elf pyromancer
  1749 | Bailey   | Reached skill level 9 in Earth Magic
  1807 | Bailey   | Reached skill level 10 in Earth Magic
  1878 | Bailey   | Noticed an orc knight
  1883 | Bailey   | HP: 1/74 [orc knight/+0 glaive (9)]
  1939 | D:8      | Noticed Pikel
  2024 | D:8      | Found a stormy altar of Qazlal.
  2057 | D:8      | Reached skill level 5 in Conjurations
  2059 | D:8      | Found a white marble altar of Elyvilon.
  2059 | D:8      | Found a burning altar of Makhleb.
  2091 | D:9      | Noticed a two-headed ogre
  2094 | D:9      | Killed a two-headed ogre
  2095 | D:9      | Reached XP level 10. HP: 79/81 MP: 5/15
  2208 | D:9      | You fall into a shaft and drop 1 floor!
  2208 | D:10     | Entered Level 10 of the Dungeon
  2217 | D:10     | Noticed a kobold demonologist
  2217 | D:10     | Noticed a kobold demonologist
  2217 | D:10     | Noticed a kobold demonologist
  2235 | D:10     | Reached skill level 5 in Staves
  2236 | D:10     | Killed a kobold demonologist
  2236 | D:10     | Noticed a two-headed ogre
  2243 | D:10     | Noticed a sixfirhy
  2246 | D:10     | Killed a kobold demonologist
  2267 | D:10     | Killed a kobold demonologist
  2271 | D:10     | Killed a two-headed ogre
  2285 | D:10     | HP: 1/81 [acid dragon/splash of acid (25)]
  2288 | D:10     | Slain by a wyvern

Illustrated notes

Levels and vault maps discovered:
D:1:      minmay_arrival_semitransparent, layout_rooms,
          shapermc_ecumenical_altar_mp_ritualfount, minmay_misc_feat_hallway,
          minmay_nonomino_d4
D:2:      layout_basic
D:3:      layout_basic, ashenzari_conservatory_becter, hex_medium, uniq_jessica,
          uniq_natasha
D:4:      layout_basic, nicolae_overflow_crystal_walls
D:5:      layout_loops_ring, nicolae_overflow_hidden_temple,
          minmay_temple_entry_slanted, uniq_menkaure, uniq_eustachio
D:6:      layout_layer_cave, kennysheep_little_box, minivault_27,
          sigmund_edmund_badplayer
D:7:      layout_basic, enter_bailey_3, nicolae_benzene_ring
D:8:      layout_cave_pools, nicolae_qazlal_scattered_showers,
          jmf_multi_god_temple, nicolae_vehumet_radiance, serial_shops, shop,
          uniq_prince_ribbit1, uniq_pikel
D:9:      layout_basic, david_lair_shrubbed, serial_rivers,
          chequers_serial_rivers_room_a, chequers_serial_rivers_small_3,
          chequers_serial_rivers_small_3, chequers_serial_rivers_micro_c,
          serial_shops, nicolae_lakefront_shop
D:10:     minmay_spotlight, layout_rooms, serial_shops, nicolae_lakefront_shop,
          minmay_misc_feat_five

Skill      XL: |  1  2  3  4  5  6  7  8  9 10 |
---------------+-------------------------------+-----
Conjurations   | 4 8 |  8.0
Necromancy     | 1 2 |  2.0
Short Blades   | 1 5 6 |  6.0
Fighting       | 3 5 |  5.3
Earth Magic    | 1 7 10 | 10.1
Staves         | 2 9 |  9.0
Maces & Flails | |  4.1
Dodging        | |  2.4
Spellcasting   | |  2.6

Action                   |  1- 3 |  4- 6 |  7- 9 | 10-12 || total
-------------------------+-------+-------+-------+-------++-------
Melee: Mace              |    61 |     5 |       |       ||    66
       Dagger            |   105 |    29 |   157 |       ||   291
       Punch             |     2 |       |     2 |     1 ||     5
       Long sword        |       |       |    11 |       ||    11
       Staff             |       |       |    26 |    15 ||    41
 Cast: Kiss of Death     |       |       |     1 |       ||     1
       Stone Arrow       |       |       |    26 |    14 ||    40
Invok: Whirlwind         |    48 |     2 |    42 |     1 ||    93
       Lunge             |     4 |     1 |    18 |     2 ||    25
Evoke: Wand              |       |     4 |    14 |     2 ||    20
       Tin of tremorston |       |       |       |     2 ||     2
  Use: Scroll            |     7 |     4 |     5 |     1 ||    17
       Potion            |     1 |     3 |     2 |     2 ||     8
 Stab: Paralysed         |       |       |    11 |       ||    11
Armor: Leather armour    |    59 |       |       |       ||    59
       Chain mail        |    20 |    13 |    28 |       ||    61
       Steam dragon scal |       |       |    29 |     8 ||    37
Dodge: Dodged            |   109 |    12 |   104 |    11 ||   236

Table legend: (Time is in decaauts)
 A = Elapsed time spent in this place.
 B = Non-inter-level travel time spent in this place.
 C = Inter-level travel time spent in this place.
 D = Time resting spent in this place.
 E = Time spent auto-exploring this place.
 F = Levels seen in this place.
 G = Mean time per level.
                   A        B        C        D        E       F      G
               +--------+--------+--------+--------+--------+-----+--------+
         Total |   2240 |   2074 |    166 |      0 |     54 |  11 |  203.6 |
       Dungeon |   1987 |   1821 |    166 |      0 |     54 |  10 |  198.7 |
        Bailey |    252 |    252 |      0 |      0 |      0 |   1 |  252.0 |
               +--------+--------+--------+--------+--------+-----+--------+

Top non-repeatable levels by time:
     D:6: 530 daAuts
     D:1: 325 daAuts
  Bailey: 252 daAuts
     D:4: 207 daAuts
     D:2: 184 daAuts
     D:7: 179 daAuts
     D:5: 170 daAuts
     D:8: 144 daAuts
     D:9: 116 daAuts
    D:10: 77 daAuts
     D:3: 51 daAuts
